 Dungeon Crawl Stone Soup version 0.24-a0-489-g1c7b743a30 (webtiles) character file.

Game seed: 15615592670981488142

74022 ivs the Carver (level 15, 0/122 HPs)
             Began as a Vampire Assassin on July 11, 2019.
             Was the Champion of Makhleb.
             Slain by Nikola
             ... wielding a +3 rapier of electrocution
              (16 damage)
             ... on level 2 of the Lair of Beasts.
             The game lasted 02:53:16 (14010 turns).

ivs the Carver (Vampire Assassin)                  Turns: 14010, Time: 02:53:17

Health: 0/122      AC: 12    Str: 20    XL:     15   Next: 5%
Magic:  19/19      EV: 26    Int: 18    God:    Makhleb [******]
Gold:   521        SH: 14    Dex: 22    Spells: 14/14 levels left

rFire    . . .     SeeInvis +   a - +3 scimitar
rCold    x . .     Gourm    .   O - +2 shield
rNeg     + . .     Faith    .   R - +2 robe of Surprise {+Fly rElec rC- rCorr}
rPois    +         Spirit   .   D - +2 hat
rElec    +         Reflect  .   r - +1 cloak
rCorr    +         Harm     .   s - +2 pair of gloves {Str+3}
MR       +....                  (no boots)
Stlth    +++++.....             G - amulet of magic regeneration
HPRegen  0.50/turn              E - +4 ring of evasion
MPRegen  0.41/turn              Y - ring "Jyisuidd" {+Fly rPois rN+ Str+2 Int+4}

@: agile, regenerating quickly
A: no food, fangs 3, see invisible, unbreathing
a: Exsanguinate, Minor Destruction, Lesser Servant of Makhleb, Major
Destruction, Greater Servant of Makhleb, Renounce Religion, Evoke Flight


You were on level 2 of the Lair of Beasts.
You worshipped Makhleb.
Makhleb was exalted by your worship.
You were alive.

You visited 4 branches of the dungeon, and saw 24 of its levels.

You collected 1740 gold pieces.
You spent 1219 gold pieces at shops.

Inventory:

Hand Weapons
 a - a +3 scimitar (weapon)
 b - a +2 short sword of draining
 V - the +5 long sword of Equilibrium {venom, rF+ Str+3 Stlth+}
   (You found it on level 4 of the Lair of Beasts)

   It poisons the flesh of those it strikes.
   It affects your strength (+3).
   It protects you from fire.
   It makes you more stealthy.
Missiles
 d - 18 poisoned darts (quivered)
 g - 7 silver javelins
 h - 17 boomerangs
 x - 8 silver boomerangs
 B - 12 javelins
Armour
 n - a +4 chain mail of cold resistance
 r - a +1 cloak (worn)
 s - a +2 pair of gloves of strength (worn)
 D - a +2 hat (worn)
 K - a +2 chain mail of magic resistance
 L - a +3 troll leather armour {Snorg}
 O - a +2 shield (worn)
 Q - +0 acid dragon scales
 R - the +2 robe of Surprise (worn) {+Fly rElec rC- rCorr}
   (You took it off a crimson imp on level 12 of the Dungeon)

   It makes you vulnerable to cold.
   It insulates you from electricity.
   It lets you fly.
   It provides partial protection from all sources of acid and corrosion.
Jewellery
 c - a cursed ring of teleportation
 C - an uncursed ring of protection from cold
 E - a +4 ring of evasion (left hand)
 G - an amulet of magic regeneration (around neck)
 P - an uncursed ring of magical power
 W - an uncursed ring of wizardry
 Y - the ring "Jyisuidd" (right hand) {+Fly rPois rN+ Str+2 Int+4}
   (You bought it in a shop on level 12 of the Dungeon)

   [ring of poison resistance]

   It affects your strength (+2).
   It affects your intelligence (+4).
   It protects you from poison.
   It protects you from negative energy.
   It lets you fly.
Wands
 l - a wand of digging (7)
 y - a wand of enslavement (21)
 F - a wand of paralysis (15)
 I - a wand of disintegration (5)
Scrolls
 e - 4 scrolls of enchant weapon
 f - 2 scrolls of enchant armour
 m - 4 scrolls of amnesia
 o - a scroll of fear
 p - 7 scrolls of remove curse
 q - 7 scrolls of teleportation
 S - 3 scrolls of holy word
 T - 2 scrolls of fog
 X - a scroll of brand weapon {unknown}
Potions
 j - a potion of cancellation
 k - 3 potions of magic
 t - a potion of curing
 u - 2 potions of flight
 v - 2 potions of mutation
 z - 2 potions of brilliance
 A - a potion of berserk rage {unknown}
 H - 2 potions of might
 J - 4 potions of agility
 Z - 3 potions of haste
Miscellaneous
 w - a crystal ball of energy
 N - a sack of spiders


   Skills:
 - Level 12.3 Fighting
 - Level 2.1(10.3) Short Blades
 - Level 14.0 Long Blades
   Level 5.0 Maces & Flails
 - Level 6.0 Throwing
 + Level 7.1 Armour
 - Level 7.0 Dodging
 - Level 6.0 Stealth
 - Level 9.0 Shields
 - Level 6.0 Invocations
 - Level 4.0 Evocations


You had 14 spell levels left.
You didn't know any spells.
Your spell library contained the following spells:

 Spells                   Type           Power        Failure   Level  Hunger
 Corona                   Hex            #......      43%         1    N/A
 Ensorcelled Hibernation  Hex/Ice        #.....       56%         2    N/A
 Shroud of Golubria       Chrm/Tloc      #.....       56%         2    N/A
 Swiftness                Chrm/Air       #.......     56%         2    N/A
 Throw Flame              Conj/Fire      #.....       56%         2    N/A
 Confuse                  Hex            #.......     80%         3    N/A
 Conjure Flame            Conj/Fire      #.......     80%         3    N/A
 Dazzling Spray           Conj/Hex       #.....       80%         3    N/A
 Ignite Poison            Fire/Tmut/Pois #.......     80%         3    N/A
 Regeneration             Chrm/Necr      #.........   80%         3    N/A
 Tukima's Dance           Hex            #.......     80%         3    N/A
 Bolt of Magma            Conj/Fire/Erth #.........   100%        5    N/A
 Iskenderun's Battlesphe  Conj/Chrm      #.......     100%        5    N/A
 Venom Bolt               Conj/Pois      #.........   100%        5    N/A
 Iron Shot                Conj/Erth      #.........   100%        6    N/A
 Orb of Destruction       Conj           #.........   100%        7    N/A
 Spellforged Servitor     Conj/Summ      #.........   100%        7    N/A

Dungeon Overview and Level Annotations

Branches:
Dungeon (15/15)            Temple (0/1) D:7            Lair (6/6) D:10
  Swamp (0/4) Lair:2        Snake (1/4) Lair:2        Slime (0/5) Lair:5
    Orc (2/2) D:11            Elf (0/3) Orc:2
 Vaults: D:13-14     Depths: D:15

Altars:
Ashenzari
Dithmenos
Fedhas
Hepliaklqana
Makhleb
Okawaru
Qazlal
Ru
Wu Jian
Beogh

Shops:
D:12 (=   Orc:1 !   Orc:2 %%?[

Annotations:
D:3 3 runed translucent doors, hitsuchi's ghost, amateur HaHu
D:6 3 runed translucent doors
D:14 1 runed translucent door, exclusion: Roxanne, Azzok's ghost, journeyman DEEE; Roxanne
Lair:2 Nikola
Lair:3 Rupert


Innate Abilities, Weirdness & Mutations

You do not eat.
Your natural rate of healing is unusually fast.
You have razor-sharp teeth.
You have supernaturally acute eyesight. (SInv)
You can survive without breathing.


Message History

You hear a mighty clap of thunder!
The lightning arc hits you! You resist.
The lightning arc hits the black mamba!!
The lightning arc hits you! You resist.
* * * LOW HITPOINT WARNING * * *
The lightning arc hits the black mamba!!
The black mamba dies!
The lightning arc hits the plant!!
You hear an angry hiss.
You hear an angry growl.
You hit Nikola.
Nikola is almost dead.
You closely miss Nikola. Your bite misses Nikola.
Nikola is almost dead.
Nikola hits you with a +3 rapier of electrocution!!
* * * LOW HITPOINT WARNING * * *
Unknown command.
You hit Nikola. Your bite misses Nikola.
Nikola is almost dead.
Nikola hits you with a +3 rapier of electrocution!
You die...

....### #.#.P##...........# ....#
###..#####)..<....## ...##
##≈.....#.#.........# ..##
#≈≈≈≈≈≈≈.#..........# ...#
##≈≈≈≈≈≈≈≈).#........## .###
#.≈≈≈..≈≈≈≈≈..).......# ..#
##≈≈≈.≈...≈≈≈..........# .P#
#≈≈≈≈≈..@..≈≈#(......... .##
#≈≈...@...≈≈#.........# .#
#≈≈≈..).†≈(≈≈≈#.......## .##
##≈≈≈≈≈P.≈≈≈≈#.........# ..###
#≈.≈≈≈≈..≈≈≈.≈....÷..... ....#
###.≈≈≈≈≈≈≈.#.........## ...##
#.#.≈≈≈≈≈≈≈...........# ....###
#.##P....≈≈##.<.......#.
......##########.####...........#
.......#.##.# #...PP.......#.≈..


You could see Nikola.

Vanquished Creatures
  Gastronok (Lair:4)
  An orc warlord (Orc:2)
  Snorg (Lair:4)
  4 hydras
  12 two-headed ogres
  2 centaur warriors
  4 ogre magi (Orc:2)
  3 death yaks (Lair:6)
  Urug (Lair:1)
  Nergalle (Lair:3)
  3 unseen horrors
  2 orc knights (Orc:1)
  2 ugly things
  2 orc sorcerers (Orc:1)
  3 cyclopes
  4 manticores
  Maurice (D:13)
  8 elephants (Lair:6)
  3 centaur zombies
  4 black mambas
  A torpor snail (Lair:6)
  A centaur skeleton (D:15)
  8 spiny frogs
  2 gargoyles
  2 kobold demonologists (D:14)
  3 rime drakes
  A freezing wraith (Lair:2)
  10 komodo dragons
  4 trolls
  A polar bear (Lair:6)
  A queen bee (D:11)
  A polar bear (shapeshifter) (D:13)
  3 dream sheep (Lair:6)
  12 blink frogs
  11 hippogriffs
  33 yaks
  2 shadows (D:11)
  A basilisk (Lair:2)
  A vampire (D:14)
  2 wyverns
  5 hungry ghosts
  A fire bat (shapeshifter) (D:14)
  5 wargs
  3 nagas (Lair:2)
  Edmund (D:5)
  An acid dragon (D:13)
  3 swamp worms (Lair:2)
  10 water moccasins
  5 porcupines
  A hornet zombie (D:11)
  29 orc warriors
  2 black bears
  A phantom (D:9)
  A necrophage (D:7)
  8 ice beasts
  2 sky beasts
  31 ogres
  An eye of draining (D:12)
  17 centaurs
  4 wolves (Lair:5)
  10 crocodiles
  4 big kobolds
  7 bullfrogs
  2 wyvern zombies
  2 wyvern skeletons
  4 scorpions
  38 killer bees
  A howler monkey (D:5)
  16 wights
  3 bullfrog zombies
  4 crimson imps
  A quasit (D:7)
  4 hounds
  16 jellies
  A bullfrog skeleton (D:12)
  14 orc priests
  5 hell rats
  4 iguanas
  16 orc wizards
  13 worker ants
  A hound zombie (D:8)
  A hound skeleton (D:9)
  12 gnolls
  7 adders
  4 shadow imps
  A white imp (Lair:2)
  An adder zombie (D:9)
  An ooze (Lair:5)
  A dart slug (D:2)
  6 leopard geckos
  88 orcs
  8 bats
  7 giant cockroaches
  5 goblins
  A hobgoblin (D:3)
  6 jackals
  10 kobolds
  2 quokkas
  3 frilled lizards
  A jackal skeleton (D:7)
  A leopard gecko zombie (D:5)
  A quokka skeleton (D:7)
  6 rats
632 creatures vanquished.

Vanquished Creatures (collateral kills)
  A dire elephant (Lair:6)
  A hydra (Lair:6)
  A catoblepas (Lair:6)
  A two-headed ogre (Orc:2)
  A death yak (Lair:6)
  A manticore (Lair:6)
  A black mamba (Lair:6)
  2 blink frogs (Lair:6)
  A water moccasin (Lair:6)
10 creatures vanquished.

Vanquished Creatures (others)
  2 black mambas
  A guardian serpent (Snake:1)
  A naga (Snake:1)
  2 killer bees (D:11)
  3 fungi (Lair:6)
  3 plants (Lair:6)
12 creatures vanquished.

Grand Total: 654 creatures vanquished

Notes
Turn   | Place    | Note
-------+----------+-------------------------------------------
     0 | D:1      | ivs the Vampire Assassin began the quest for the Orb.
     0 | D:1      | Reached XP level 1. HP: 16/16 MP: 1/1
   213 | D:1      | Reached XP level 2. HP: 22/22 MP: 2/2
   374 | D:2      | Found a burning altar of Makhleb.
   374 | D:2      | Noticed a balrug
   377 | D:2      | Noticed a ynoxinul
   377 | D:2      | Noticed a smoke demon
   379 | D:2      | Became a worshipper of Makhleb the Destroyer
   546 | D:2      | Reached XP level 3. HP: 26/27 MP: 3/3
   727 | D:3      | Found a faded altar of an unknown god.
   930 | D:3      | Reached * piety under Makhleb
   978 | D:3      | Found a shadowy altar of Dithmenos.
   983 | D:3      | Reached XP level 4. HP: 34/34 MP: 4/4
  1029 | D:3      | Identified the +10 hand axe of Mekaif {venom, rC+}
  1029 | D:3      | Identified the cursed +1 scale mail of the Vacuum {rElec}
  1034 | D:3      | Found a runed translucent gate.
  1042 | D:3      | Found a runed translucent gate.
  1043 | D:3      | Found a runed translucent gate.
  1043 | D:3      | Noticed hitsuchi's ghost (amateur HaHu)
  1046 | D:3      | Found a roughly hewn altar of Beogh.
  1168 | D:4      | Found a blossoming altar of Fedhas.
  1171 | D:4      | Noticed a centaur
  1247 | D:5      | Entered Level 5 of the Dungeon
  1247 | D:5      | Noticed Edmund
  1277 | D:5      | Reached XP level 5. HP: 30/42 MP: 5/5
  1293 | D:5      | Killed Edmund
  1455 | D:5      | Reached skill level 5 in Fighting
  1455 | D:5      | Reached XP level 6. HP: 40/51 MP: 6/6
  1564 | D:5      | Reached skill level 1 in Evocations
  1580 | D:5      | Found a hazy altar of Hepliaklqana.
  1609 | D:5      | Noticed an ice beast
  1625 | D:5      | Reached ** piety under Makhleb
  1625 | D:5      | Reached XP level 7. HP: 40/56 MP: 7/9
  1903 | D:6      | Reached skill level 1 in Invocations
  1912 | D:6      | Found the +9 staff of Olgreb {rPois}
  1926 | D:6      | Found a runed translucent door.
  1929 | D:6      | Found a runed translucent gate.
  1929 | D:6      | Found a runed translucent gate.
  2011 | D:6      | Reached XP level 8. HP: 64/64 MP: 11/11
  2449 | D:7      | Reached skill level 5 in Invocations
  2590 | D:7      | Reached *** piety under Makhleb
  2636 | D:7      | Reached XP level 9. HP: 68/69 MP: 13/13
  2678 | D:7      | Found a staircase to the Ecumenical Temple.
  2819 | D:7      | Found a stormy altar of Qazlal.
  2846 | D:7      | Reached skill level 5 in Throwing
  3225 | D:7      | Reached skill level 5 in Dodging
  3401 | D:8      | Found an ornate altar of the Wu Jian Council.
  3421 | D:8      | Reached **** piety under Makhleb
  3607 | D:8      | Reached skill level 1 in Shields
  3658 | D:8      | Reached XP level 10. HP: 75/76 MP: 14/14
  3789 | D:9      | Noticed a two-headed ogre
  3804 | D:9      | Killed a two-headed ogre
  3853 | D:9      | Found an iron altar of Okawaru.
  3857 | D:9      | Found a shattered altar of Ashenzari.
  3960 | D:9      | Reached skill level 5 in Shields
  4026 | D:9      | Found a sacrificial altar of Ru.
  4297 | D:10     | Entered Level 10 of the Dungeon
  4428 | D:10     | Reached skill level 1 in Maces & Flails
  4645 | D:10     | Noticed a gargoyle
  4658 | D:10     | Killed a gargoyle
  4732 | D:10     | Found a staircase to the Lair.
  4778 | Lair:1   | Entered Level 1 of the Lair of Beasts
  4982 | D:11     | Noticed a two-headed ogre
  5001 | D:11     | Killed a two-headed ogre
  5001 | D:11     | Reached XP level 11. HP: 81/81 MP: 15/15
  5076 | D:11     | Reached ***** piety under Makhleb
  5247 | D:11     | Noticed an unseen horror
  5255 | D:11     | Killed an unseen horror
  5255 | D:11     | Reached skill level 1 in Long Blades
  5258 | D:11     | Reached skill level 5 in Maces & Flails
  5267 | D:11     | Reached skill level 2 in Long Blades
  5328 | D:11     | Reached skill level 3 in Long Blades
  5529 | D:11     | Reached skill level 4 in Long Blades
  5635 | D:11     | Reached skill level 5 in Long Blades
  5726 | D:11     | Reached skill level 6 in Long Blades
  5954 | D:12     | Found Anti's Weapon Emporium.
  6066 | D:12     | Found Kafuar's Jewellery Emporium.
  6093 | D:12     | Reached skill level 7 in Long Blades
  6217 | D:12     | Identified the +2 robe of Surprise {+Fly rElec rC- rCorr}
  6364 | D:11     | Reached skill level 8 in Long Blades
  6514 | D:11     | Found a staircase to the Orcish Mines.
  6535 | D:11     | Reached ****** piety under Makhleb
  6615 | D:13     | Noticed a centaur warrior
  6766 | D:13     | Noticed Maurice
  6775 | D:13     | Killed Maurice
  6823 | D:13     | Reached skill level 9 in Long Blades
  6825 | D:13     | Noticed a green ugly thing
  6845 | D:13     | Killed a green ugly thing
  6902 | D:13     | Reached XP level 12. HP: 89/89 MP: 16/16
  7012 | D:13     | Killed a centaur warrior
  7025 | D:13     | Reached skill level 10 in Long Blades
  7176 | D:13     | Identified the Papyrus of Boosting Heat
  7270 | D:14     | Reached skill level 11 in Long Blades
  7323 | D:14     | Noticed a centaur warrior
  7351 | D:14     | Killed a centaur warrior
  7425 | D:14     | Paralysed by a hornet for 3 turns
  7428 | D:14     | HP: 3/89 [poisoned by a hornet]
  7433 | D:13     | HP: 2/89 [poisoned by a hornet]
  7438 | D:13     | HP: 2/89 [poisoned by a hornet]
  7445 | D:13     | HP: 3/89 [poisoned by a hornet]
  7570 | D:14     | Identified Roxanne's Handbook of Transmutation
  7570 | D:14     | Noticed Roxanne
  7831 | D:14     | Found a runed translucent door.
  7840 | D:14     | Noticed Azzok's ghost (journeyman DEEE)
  7888 | D:14     | Reached skill level 12 in Long Blades
  7905 | D:15     | Entered Level 15 of the Dungeon
  8196 | D:12     | Bought the ring "Jyisuidd" {+Fly rPois rN+ Str+2 Int+4} for
                  | 596 gold pieces
  8199 | D:12     | Bought a cursed ring of teleportation for 58 gold pieces
  8309 | Lair:2   | Noticed Urug
  8334 | Lair:1   | Killed Urug
  8405 | Lair:2   | Found a staircase to the Snake Pit.
  8467 | Lair:2   | Reached skill level 13 in Long Blades
  8673 | Lair:1   | Reached XP level 13. HP: 95/95 MP: 17/17
  9095 | Lair:3   | Noticed Nergalle
  9208 | Lair:2   | Found a staircase to the Swamp.
  9283 | Lair:3   | Noticed Rupert
  9340 | Lair:3   | Killed Nergalle
  9441 | Lair:3   | Noticed Snorg
  9712 | Lair:5   | Found a staircase to the Slime Pits.
 10090 | Lair:6   | Entered Level 6 of the Lair of Beasts
 10696 | Lair:6   | Reached skill level 10 in Fighting
 10804 | Lair:6   | Reached XP level 14. HP: 69/110 MP: 18/18
 11039 | Lair:6   | Got a smoking rapier
 11040 | Lair:6   | Identified the cursed +1 rapier of Autumn {pierce, Dex+3}
                  | (You found it on level 6 of the Lair of Beasts)
 11151 | Lair:6   | Got an encrusted morningstar
 11157 | Lair:6   | Identified the cursed +1 morningstar of the Penguin {flame,
                  | Dex+2} (You found it on level 6 of the Lair of Beasts)
 11415 | Lair:6   | Upgraded the game from 0.24-a0-487-g57318f2ed0 to
                  | 0.24-a0-489-g1c7b743a30
 11597 | Lair:3   | Noticed Gastronok
 11755 | Lair:4   | Got a bloodstained long sword
 11756 | Lair:4   | Identified the +5 long sword of Equilibrium {venom, rF+
                  | Str+3 Stlth+} (You found it on level 4 of the Lair of
                  | Beasts)
 11812 | Lair:4   | Killed Gastronok
 11849 | Lair:4   | Killed Snorg
 12058 | Orc:1    | Entered Level 1 of the Orcish Mines
 12058 | Orc:1    | Found Biusaris's Distillery.
 12091 | Orc:1    | Bought a potion of mutation for 120 gold pieces
 12091 | Orc:1    | Bought 2 potions of agility for 120 gold pieces
 12156 | Orc:1    | Found a roughly hewn altar of Beogh.
 12209 | Orc:1    | Reached skill level 14 in Long Blades
 12328 | Orc:2    | Entered Level 2 of the Orcish Mines
 12332 | Orc:2    | Noticed an orc warlord
 12453 | Orc:1    | Reached skill level 1 in Armour
 12558 | Orc:2    | Found an iron altar of Okawaru.
 13069 | Orc:1    | Reached skill level 5 in Armour
 13255 | Orc:2    | Found Poere's Magic Scroll Boutique.
 13255 | Orc:2    | Found Xakotehun's Food Shoppe.
 13255 | Orc:2    | Found Otwadis's Armour Emporium.
 13255 | Orc:2    | Found Iwoat's Food Boutique.
 13559 | Orc:2    | Killed an orc warlord
 13559 | Orc:2    | Reached XP level 15. HP: 120/122 MP: 19/19
 13621 | Orc:2    | Found a staircase to the Elven Halls.
 13835 | D:12     | Bought an uncursed ring of protection from cold for 325
                  | gold pieces
 13944 | Snake:1  | Entered Level 1 of the Snake Pit
 13944 | Snake:1  | Noticed Nikola
 14010 | Lair:2   | Slain by Nikola

Levels and vault maps discovered:
D:1:      onia_arrival_pyramid, layout_loops_cross, roderic_lattice_a,
          minmay_tromino_v2
D:2:      layout_basic, st_stairs_6, makhleb_altar_promises_db
D:3:      minmay_recursive_quarters, layout_loops_ring,
          grunt_dithmenos_smoke_and_mirrors, biasface_ghost_orc_armoury,
          chequers_ecumenical_altar_grove
D:4:      layout_rooms, gammafunk_temple_overflow_wave, zin_academy,
          first_ration, st_stairs_11, fedhas_bush_and_centaur_altar,
          uniq_crazy_yiuf_cottage
D:5:      layout_rooms, old_standard_altar, minmay_holes, uniq_edmund
D:6:      layout_loops_corners, minmay_guarded_unrand_staff_of_olgreb
D:7:      layout_basic, grunt_qazlal_clouds, minmay_temple_entry_mist
D:8:      layout_rooms, lemuel_round_altar, grunt_pizzeria
D:9:      layout_basic, lemuel_crystal_altar,
          chequers_temple_overflow_statue_of_worship
D:10:     layout_long_grid, lair_entry_dummy, nicolae_trove_entry_free_sample,
          minmay_beelzebubs_servants, uniq_psyche
D:11:     layout_basic, david_orc_1_choice, special_room [special_room_bee]
D:12:     layout_loops_ring, serial_shops, kennysheep_mini_moat, shop,
          eino_house_with_fridge
D:13:     minmay_ornate_pinched, layout_layer_cave, david_vaults_5, uniq_maurice
D:14:     layout_cave_pools, ebering_ghost_reflecting_pool,
          minmay_misc_feat_cross, uniq_roxanne
D:15:     grunt_enter_depths_magical_seal, layout_cave_pools,
          minmay_door_square, minmay_lindwurm_lava, uniq_josephine, uniq_azrael
Lair:1:   layout_small_grid
Lair:2:   layout_cave_shapes, palyth_hydra_swamp_entry,
          guppyfry_snake_entry_island, ice2_lemuel, uniq_urug
Lair:3:   layout_hall_layers, serial_rivers, chequers_serial_rivers_marsh,
          chequers_serial_rivers_micro_d, chequers_serial_rivers_micro_b,
          chequers_serial_rivers_micro_d, uniq_gastronok, uniq_nergalle,
          uniq_rupert, uniq_snorg
Lair:4:   lemuel_slime, layout_misc_corridors
Lair:5:   layout_hall_layers, minmay_slime_entry_jelly_boxes, grunt_megastairs_1
Lair:6:   hangedman_lair_in_review, layout_regular_city, serial_bayou_shore_b
Snake:1:  layout_layer_cave, uniq_asterion, uniq_donald, uniq_aizul, uniq_nikola
Orc:1:    layout_caves, serial_shops, shop_fountains, mines2_david
Orc:2:    st_orc_ogre_mass, layout_caves, okawaru_metal_pillars_3

Skill      XL: |  1  2  3  4  5  6  7  8  9 10 11 12 13 14 15 |
---------------+----------------------------------------------+-----
Fighting       | 2 3 5 6 10 12 | 12.3
Throwing       | 2 3 4 6 |  6.0
Evocations     | 3 4 |  4.0
Invocations    | 2 6 |  6.0
Dodging        | 7 |  7.0
Shields        | 1 7 9 |  9.0
Maces & Flails | 4 5 |  5.0
Long Blades    | 9 13 14 | 14.0
Stealth        | 6 |  6.0
Armour         | 6 7 |  7.1
Short Blades   | |  2.1

Action                   |  1- 3 |  4- 6 |  7- 9 | 10-12 | 13-15 || total
-------------------------+-------+-------+-------+-------+-------++-------
Melee: Dagger            |   114 |   114 |   123 |   149 |     8 ||   508
       Bite              |     5 |    22 |    44 |   147 |   243 ||   461
       Short sword       |       |       |   200 |   128 |    46 ||   374
       Morningstar       |       |       |       |   125 |     1 ||   126
       Scimitar          |       |       |       |   576 |  1166 ||  1742
       Rapier            |       |       |       |       |     9 ||     9
Throw: Dart              |     6 |    24 |    76 |   115 |    72 ||   293
       Boomerang         |     5 |     6 |     6 |    20 |    15 ||    52
       Javelin           |       |       |       |    17 |    40 ||    57
Invok: Minor Destruction |       |       |    24 |    64 |    22 ||   110
       Lesser Servant of |       |       |       |     1 |     9 ||    10
Evoke: Wand              |       |     2 |    11 |    19 |     1 ||    33
       Sack of spiders   |       |       |       |       |     4 ||     4
  Use: Potion            |       |     3 |       |     1 |     4 ||     8
       Scroll            |       |       |     8 |     6 |    16 ||    30
 Stab: Sleeping          |     7 |     1 |     2 |    14 |     8 ||    32
       Distracted        |       |     1 |     1 |     1 |     4 ||     7
       Paralysed         |       |       |       |     2 |     1 ||     3
Armor: Robe              |    11 |       |       |       |     1 ||    12
       Leather armour    |       |    15 |       |       |       ||    15
       Skin              |       |     5 |       |       |       ||     5
       Ring mail         |       |     5 |    72 |   165 |   117 ||   359
       Chain mail        |       |       |       |       |    42 ||    42
Dodge: Dodged            |    66 |    58 |   231 |   528 |   544 ||  1427
Block: Shield            |       |       |     6 |   661 |   677 ||  1344
       Rpst.: Scimitar   |       |       |       |    68 |   106 ||   174

Table legend:
 A = Non-vault XP
 B = Vault XP
 C = Vault XP percentage of total XP
 D = Non-vault monster count
 E = Vault monster count
 F = Vault count percentage of total count
                 A         B        C        D         E       F
            +---------+---------+-------+---------+---------+-------
      Total |   64266 |   41480 |  39.2 |     501 |     144 |  22.3
            +---------+---------+-------+---------+---------+-------
        D:1 |      12 |       1 |   7.7 |       7 |       1 |  12.5
        D:2 |      31 |       1 |   3.1 |      17 |       1 |   5.6
        D:3 |     101 |       0 |   0.0 |      19 |       0 |   0.0
        D:4 |       8 |       5 |  38.5 |       3 |       2 |  40.0
        D:5 |     695 |     162 |  18.9 |      22 |       1 |   4.3
        D:6 |     930 |       0 |   0.0 |      22 |       0 |   0.0
        D:7 |    2579 |       0 |   0.0 |      48 |       0 |   0.0
        D:8 |     893 |     130 |  12.7 |      22 |       1 |   4.3
        D:9 |    2567 |       0 |   0.0 |      27 |       0 |   0.0
       D:10 |    2069 |       0 |   0.0 |      23 |       0 |   0.0
       D:11 |    5467 |    2174 |  28.5 |      42 |      32 |  43.2
       D:12 |    1383 |     331 |  19.3 |      19 |       2 |   9.5
       D:13 |    3459 |    3032 |  46.7 |      11 |      11 |  50.0
       D:14 |    5368 |       0 |   0.0 |      28 |       0 |   0.0
       D:15 |     936 |       0 |   0.0 |       4 |       0 |   0.0
     Lair:1 |    3729 |     835 |  18.3 |      18 |       1 |   5.3
     Lair:2 |    6112 |    4228 |  40.9 |      27 |      16 |  37.2
     Lair:3 |    1888 |     804 |  29.9 |      10 |       1 |   9.1
     Lair:4 |    2435 |    3333 |  57.8 |       9 |       2 |  18.2
     Lair:5 |    2571 |     509 |  16.5 |      15 |      13 |  46.4
     Lair:6 |   12166 |   10146 |  45.5 |      39 |      21 |  35.0
    Snake:1 |     313 |       0 |   0.0 |       1 |       0 |   0.0
      Orc:1 |    4647 |    3381 |  42.1 |      31 |      12 |  27.9
      Orc:2 |    3907 |   12408 |  76.1 |      37 |      27 |  42.2
            +---------+---------+-------+---------+---------+-------
